 Dungeon Crawl Stone Soup version 0.22-a0-42-g002c468 (webtiles) character file.

58 KristoblXynda the Charmwright (level 3, -4/18 HPs)
             Began as a Spriggan Skald on Jan 5, 2018.
             Slain by a worm (11 damage)
             ... on level 3 of the Dungeon.
             The game lasted 00:02:26 (2743 turns).

KristoblXynda the Charmwright (Spriggan Skald)      Turns: 2743, Time: 00:02:27

Health: -4/18      AC:  2    Str:  8    XL:     3   Next: 76%
Magic:  6/9        EV: 19    Int: 14    God:
Gold:   36         SH:  0    Dex: 15    Spells: 2/9 levels left

rFire    . . .     SeeInvis +   a - +0 short sword
rCold    . . .     Gourm    .   (shield restricted)
rNeg     . . .     Faith    .   b - +0 robe
rPois    .         Spirit   .   (helmet restricted)
rElec    .         Reflect  .   (no cloak)
rCorr    .         Harm     .   (gloves unavailable)
MR       .....                  (boots unavailable)
Stlth    +.........             (no amulet)
HPRegen  0.06/turn              (no ring)
MPRegen  0.11/turn              (no ring)

@: infused, very slightly contaminated, very quick
A: very small, unfitting armour, see invisible, herbivore, speed 3, slow
metabolism 2
a: no special abilities


You were on level 3 of the Dungeon.
You were not hungry.

You visited 1 branch of the dungeon, and saw 3 of its levels.

You collected 36 gold pieces.

Inventory:

Hand Weapons
 a - a +0 short sword (weapon)
Armour
 b - a +0 robe (worn)
Jewellery
 m - a +5 ring of dexterity {unknown}
Scrolls
 e - 3 scrolls of enchant armour {unknown}
 f - a scroll of immolation {unknown}
 h - 2 scrolls of identify {unknown}
 i - 5 scrolls of fog {unknown}
 k - a scroll of teleportation {unknown}
 l - 2 scrolls of enchant weapon {unknown}
Potions
 g - a potion of heal wounds {unknown}
 j - a potion of haste {unknown}
Books
 c - a book of Battle

   Spells                             Type                      Level
   a - Infusion                       Charms                       1
   b - Shroud of Golubria             Charms/Translocation         2
   c - Song of Slaying                Charms                       2
   d - Spectral Weapon                Hexes/Charms                 3
   e - Regeneration                   Charms/Necromancy            3
Comestibles
 d - 5 rations


   Skills:
 - Level 1.5 Fighting
 + Level 3.0 Short Blades
 + Level 4.4 Dodging
 + Level 3.5 Spellcasting
 + Level 5.1 Charms


You had 2 spell levels left.
You knew the following spells:

 Your Spells              Type           Power        Failure   Level  Hunger
a - Infusion              Chrm           ###.         2%          1    #......
b - Regeneration          Chrm/Necr      #.........   22%         3    ###....
c - Spectral Weapon       Hex/Chrm       #.......     22%         3    ###....


Dungeon Overview and Level Annotations

Branches:
Dungeon (3/15)

Altars:


Innate Abilities, Weirdness & Mutations

You are very small and have problems with some larger weapons.
You are too small for most types of armour.
You have supernaturally acute eyesight. (SInv)
You are a herbivore.
You cover ground extremely quickly.
You need consume almost no food.


Message History

Casting: Infusion
Confirm with . or Enter, or press ? or * to list all spells.
You miscast Infusion.
You are very lightly contaminated with residual magic.
You feel a strange surge of energy!
You hit the worm.
The worm is lightly wounded.
The worm bites you.
You barely miss the worm. You hit the worm but do no damage.
The worm bites you but does no damage.
Casting: Infusion
Confirm with . or Enter, or press ? or * to list all spells.
You begin infusing your attacks with magical energy.
The worm bites you.
You barely miss the worm. You hit the worm!
The worm is heavily wounded.
The worm bites you!
Ouch! That really hurt!
You die...

#....#
####....#
#..#....#
##
#..#%...#
..
#..#....#.#
#..#.....
#..#.w.#
####..#.@#
#........#
...##..##.#
#.<....#
########


You could see a worm.

Vanquished Creatures
  2 adders (D:2)
  A worm (D:2)
  A dart slug (D:2)
  5 leopard geckos
  5 hobgoblins
  2 jackals (D:2)
  A quokka (D:2)
  5 bats
  A frilled lizard (D:2)
  2 goblins (D:1)
  4 kobolds
  3 rats (D:1)
32 creatures vanquished.

Notes
Turn   | Place    | Note
-------+----------+-------------------------------------------
     0 | D:1      | KristoblXynda the Spriggan Skald began the quest for the Orb.
     0 | D:1      | Reached XP level 1. HP: 10/10 MP: 5/5
   579 | D:1      | Reached XP level 2. HP: 14/14 MP: 3/6
  1726 | D:2      | Reached XP level 3. HP: 16/18 MP: 8/8
  1731 | D:2      | Learned a level 3 spell: Regeneration
  1735 | D:2      | Learned a level 3 spell: Spectral Weapon
  2050 | D:2      | Reached skill level 5 in Charms
  2660 | D:2      | Found a faded altar of an unknown god.
  2743 | D:3      | Slain by a worm

Vault maps used:
D:1:      scummos_arrival_simple_crosswalls
D:2:      chequers_ecumenical_altar_grove, first_ration,
          minmay_misc_feat_more_columns

Skill      XL: |  1  2  3 |
---------------+----------+-----
Spellcasting   | 3 |  3.5
Dodging        | 4 |  4.4
Charms         | 5 |  5.1
Short Blades   | 3 |  3.0
Fighting       | |  1.5

Action                   || total
-------------------------++-------
Melee: Short sword       ||   139
 Cast: Infusion          ||    12
 Stab: Sleeping          ||     2
Armor: Robe              ||    17
Dodge: Dodged            ||   119

Table legend:
 A = Spawn XP
 B = Non-spawn XP
 C = Spawn XP percentage of total XP
 D = Spawn monster count
 E = Non-spawn monster count
 F = Spawn count percentage of total count
 G = Total turns spent on level
                    A         B        C        D         E        F      G
               +---------+---------+-------+---------+---------+-------+---------
         Total |       0 |      84 |   0.0 |       0 |      32 |   0.0 |  2743
               +---------+---------+-------+---------+---------+-------+---------
           D:1 |       0 |      23 |   0.0 |       0 |      16 |   0.0 |  1084
           D:2 |       0 |      61 |   0.0 |       0 |      16 |   0.0 |  1648
               +---------+---------+-------+---------+---------+-------+---------
